 Dungeon Crawl Stone Soup version 0.19.1 (webtiles) character file.

1330 ChaseSP the Cleaver (level 8, -2/64 HPs)
             Began as a Hill Orc Fighter on Nov 29, 2016.
             Was a Believer of Okawaru.
             Slain by a wight
             ... wielding a +3 scimitar of freezing
              (3 damage)
             ... on level 6 of the Dungeon.
             The game lasted 00:10:29 (5460 turns).

ChaseSP the Cleaver (Hill Orc Fighter)              Turns: 5460, Time: 00:10:30

Health: -2/64      AC: 12    Str: 21    XL:     8   Next: 60%
Magic:  7/8        EV: 10    Int:  8    God:    Okawaru [**....]
Gold:   270        SH: 11    Dex: 10    Spells: 0 memorised, 7 levels left

rFire  . . .     SeeInvis .     a - +0 war axe
rCold  . . .     Gourm    .     b - +0 scale mail
rNeg   . . .     Faith    .     c - +0 shield
rPois  .         Spirit   .     g - +0 helmet
rElec  .         Reflect  .     (no cloak)
rCorr  .         Harm     .     (no gloves)
MR     .....                    r - +1 pair of boots
Stlth  +.........               (no amulet)
                                D - ring of flight
                                i - +1 ring of protection

@: heroism, drained
A: no striking features
a: Heroism, Renounce Religion, Evoke Flight


You were on level 6 of the Dungeon.
You worshipped Okawaru.
Okawaru was pleased with you.
You were not hungry.

You visited 2 branches of the dungeon, and saw 7 of its levels.

You collected 270 gold pieces.

Inventory:

Hand Weapons
 a - a +0 war axe (weapon)
Armour
 b - a +0 scale mail (worn)
 c - a +0 shield (worn)
 g - a +0 helmet (worn)
 r - a +1 pair of boots (worn)
Jewellery
 i - a +1 ring of protection (left hand)
 D - a ring of flight (right hand)
Wands
 d - a wand of teleportation (5/9)
 y - a wand of lightning (6/15)
 G - a wand of polymorph (11/24)
Scrolls
 e - 14 scrolls of identify {unknown}
 h - 2 scrolls of immolation {unknown}
 j - a scroll of fog {unknown}
 k - a scroll of teleportation {unknown}
 l - a scroll of noise {unknown}
 m - a scroll of enchant armour {unknown}
 p - a scroll of enchant weapon {unknown}
 t - 4 scrolls of remove curse {unknown}
 u - a scroll of amnesia {unknown}
 x - a scroll of blinking {unknown}
 E - 2 scrolls of random uselessness {unknown}
 H - a scroll of vulnerability {unknown}
Potions
 o - a potion of beneficial mutation {unknown}
 q - a potion of brilliance {unknown}
 s - 2 potions of curing {unknown}
 v - a potion of mutation {unknown}
 w - a potion of degeneration {unknown}
 A - a potion of cure mutation {unknown}
 B - a potion of heal wounds
 C - a potion of lignification {unknown}
Books
 F - a book of Party Tricks

   Spells                             Type                      Level
   a - Summon Butterflies             Summoning                    1
   b - Apportation                    Translocation                1
   c - Lesser Beckoning               Translocation                3
   d - Tukima's Dance                 Hexes                        3
   e - Alistair's Intoxication        Transmutation/Poison         5
   f - Invisibility                   Hexes                        6
Comestibles
 f - 6 bread rations
 n - 4 meat rations
 z - a slice of pizza


   Skills:
 - Level 3.6(8.0) Fighting
 + Level 13.0(17.3) Axes
 - Level 3.2(7.6) Armour
 - Level 3.2(7.6) Shields


You had 7 spell levels left.
You didn't know any spells.

Dungeon Overview and Level Annotations

Branches:
Dungeon (6/15)             Temple (1/1) D:4

Altars:
Ashenzari
Dithmenos
Elyvilon
Hepliaklqana
Makhleb
Nemelex Xobeh
Okawaru
Qazlal
Ru
Trog
Yredelemnul
Zin

Annotations:
D:5 Prince Ribbit


Message History

You are too injured to fight recklessly!
You are too injured to fight recklessly!
You are too injured to fight recklessly!
You are too injured to fight recklessly!
You are too injured to fight recklessly!
You are too injured to fight recklessly!
You hit the wight but do no damage.
The wight is heavily damaged.
You hit the wight.
The wight is heavily damaged.
The wight hits you with a hand axe of chopping.
* * * LOW HITPOINT WARNING * * *
x2 You slash the wight!
You destroy the wight!
Okawaru accepts your kill.
Your base Axes skill increases to level 13!
The wight hits you with a scimitar of freezing!
* * * LOW HITPOINT WARNING * * *
You feel drained.
You die...

....# #.....#.#
....# ##.#.##.#
....#######...##.#
+###.......##.##.#
.###.#####.##.##.#
.........#.##.##.#
####.#.###.#...#.#
#.#.# #.#...#.#
#+# # #+# #@# #z#
#.# #.# #.##.####
#.......##
..#######...####
..z.z............
................[


You could see a wight.

Vanquished Creatures
  The ghost of Selfish5 the Poker, an amateur MiFi of Qazlal (D:4)
  Menkaure (D:4)
  A phantom (D:5)
  A centaur (D:5)
  2 bullfrogs (D:6)
  A water moccasin skeleton (D:4)
  2 wights (D:6)
  2 orc priests
  A jelly (D:6)
  3 orc wizards
  An iguana (D:6)
  5 worker ants
  2 hound skeletons (D:4)
  7 adders
  A shadow imp (D:5)
  2 oozes
  An adder zombie (D:6)
  5 worms
  4 dart slugs
  4 leopard geckos
  21 orcs
  6 bats
  4 giant cockroaches
  9 goblins
  9 hobgoblins
  2 jackals (D:1)
  2 quokkas
  2 ball pythons
  3 frilled lizards
  9 kobolds
  A quokka skeleton (D:5)
  17 rats
132 creatures vanquished.

Notes
Turn   | Place    | Note
-------+----------+-------------------------------------------
     0 | D:1      | ChaseSP the Hill Orc Fighter began the quest for the Orb.
     0 | D:1      | Reached XP level 1. HP: 19/19 MP: 1/1
     9 | D:1      | Reached skill level 3 in Axes
    34 | D:1      | Reached XP level 2. HP: 23/26 MP: 2/2
    83 | D:1      | Reached skill level 4 in Axes
   415 | D:1      | Reached XP level 3. HP: 31/31 MP: 3/3
   671 | D:2      | Reached skill level 5 in Axes
   824 | D:2      | Reached XP level 4. HP: 28/39 MP: 4/4
  1255 | D:2      | Reached skill level 6 in Axes
  1524 | D:3      | Found a shattered altar of Ashenzari.
  1598 | D:3      | Found a hazy altar of Hepliaklqana.
  1717 | D:3      | Reached XP level 5. HP: 45/45 MP: 5/5
  2191 | D:3      | Reached skill level 7 in Axes
  2580 | D:4      | Found a staircase to the Ecumenical Temple.
  2582 | D:4      | Noticed Menkaure
  2590 | D:4      | Killed Menkaure
  2590 | D:4      | Reached skill level 8 in Axes
  2590 | D:4      | Reached XP level 6. HP: 44/51 MP: 6/6
  2599 | Temple   | Entered the Ecumenical Temple
  2759 | Temple   | Became a worshipper of Warmaster Okawaru
  2845 | D:4      | Noticed Selfish5's ghost (amateur MiFi)
  2861 | D:4      | Killed Selfish5's ghost
  2861 | D:4      | Reached * piety under Okawaru
  2861 | D:4      | Reached skill level 9 in Axes
  2861 | D:4      | Reached XP level 7. HP: 42/57 MP: 7/7
  2953 | D:4      | Reached skill level 10 in Axes
  3250 | D:5      | Entered Level 5 of the Dungeon
  3250 | D:5      | Noticed Prince Ribbit
  3996 | D:5      | Found a sacrificial altar of Ru.
  4070 | D:5      | Reached skill level 11 in Axes
  4106 | D:5      | Found a burning altar of Makhleb.
  4195 | D:5      | Reached ** piety under Okawaru
  4396 | D:6      | Found a basalt altar of Yredelemnul.
  4404 | D:6      | Reached XP level 8. HP: 52/64 MP: 8/8
  4754 | D:5      | Reached skill level 12 in Axes
  5459 | D:6      | Reached skill level 13 in Axes
  5460 | D:6      | HP: 1/64 [wight/scimitar of freezing (9)]
  5460 | D:6      | Slain by a wight

Skill      XL: |  1  2  3  4  5  6  7  8 |
---------------+-------------------------+-----
Axes           | 3 4 5 6 8 9 11 13 | 13.0
Fighting       | |  3.6
Armour         | |  3.2
Shields        | |  3.2

Action                   |  1- 3 |  4- 6 |  7- 9 || total
-------------------------+-------+-------+-------++-------
Melee: War axe           |   123 |   157 |   219 ||   499
Invok: Heroism           |       |       |     4 ||     4
  Use: Potion            |       |     3 |     3 ||     6
  Eat: Chunk             |       |     4 |     6 ||    10
       Meat ration       |       |     1 |       ||     1
Armor: Scale mail        |    62 |    63 |    71 ||   196
Dodge: Dodged            |    25 |    31 |    57 ||   113
Block: Shield            |    68 |    77 |    89 ||   234
